 Dungeon Crawl Stone Soup version 0.21.1-1-g345015fe64 (webtiles) character file.

41 FreshCat the Grave Robber (level 3, -4/25 (26) HPs)
             Began as a Ghoul Necromancer on Mar 22, 2018.
             Slain by Terence
             ... wielding a +0 hand axe of flaming
              (8 damage)
             ... on level 1 of the Dungeon.
             The game lasted 00:10:44 (888 turns).

FreshCat the Grave Robber (Ghoul Necromancer)        Turns: 888, Time: 00:10:44

HP:   -4/25 (26)    AC:  2    Str:  8 (11) XL:     3   Next: 52%
MP:   0/5           EV: 12    Int:  9 (10) God:
Gold: 117           SH:  0    Dex:  8 (10) Spells: 1/6 levels left

rFire    . . .     SeeInvis .     - Unarmed
rCold    + . .     Gourm    .   (no shield)
rNeg     + + +     Faith    .   a - +0 robe
rPois    ∞         Spirit   .   (no helmet)
rElec    .         Reflect  .   (no cloak)
rCorr    .         Harm     .   (no gloves)
MR       .....                  (no boots)
Stlth    ++........             (no amulet)
HPRegen  0.00/turn              (no ring)
MPRegen  0.09/turn              (no ring)

@: rotting
A: rotting body, claws 1, carnivore, cold resistance 1, negative energy
resistance 3, inhibited regeneration, torment resistance, unbreathing
a: no special abilities


You were on level 1 of the Dungeon.
You were not hungry.

You visited 1 branch of the dungeon, and saw 2 of its levels.

You collected 117 gold pieces.

Inventory:

Hand Weapons
 d - a +2 whip of draining
Armour
 a - a +0 robe (worn)
Scrolls
 f - 5 scrolls of identify {unknown}
 h - a scroll of enchant armour {unknown}
 i - a scroll of amnesia {unknown}
 j - a scroll of remove curse {unknown}
Books
 b - a book of Necromancy

   Spells                             Type                      Level
   a - Pain                           Necromancy                   1
   b - Animate Skeleton               Necromancy                   1
   c - Vampiric Draining              Necromancy                   3
   d - Regeneration                   Charms/Necromancy            3
   e - Animate Dead                   Necromancy                   4
   f - Borgnjor's Vile Clutch         Necromancy/Earth             5
Comestibles
 c - a ration


   Skills:
 * Level 0.2 Fighting
 + Level 2.0 Dodging
 * Level 2.5 Stealth
 * Level 1.6 Unarmed Combat
 + Level 2.0 Spellcasting
 + Level 4.3 Necromancy


You had one spell level left.
You knew the following spells:

 Your Spells              Type           Power        Failure   Level  Hunger
a - Pain                  Necr           #...         5%          1    ##.....
b - Animate Skeleton      Necr           N/A          5%          1    ##.....
c - Vampiric Draining     Necr           #.........   17%         3    ####...


Dungeon Overview and Level Annotations

Branches:
Dungeon (2/15)

Altars:

Annotations:
D:1 Terence


Innate Abilities, Weirdness & Mutations

Your body is rotting away.
You thrive on raw meat.
You are immune to poison.
You have sharp fingernails.
You are carnivorous and can eat meat at any time.
Your flesh is cold resistant. (rC+)
You are immune to negative energy. (rN+++)
You do not regenerate when monsters are visible.
You are immune to unholy pain and torment.
You can survive without breathing.


Message History

Confirm with . or Enter, or press ? or * to list all spells.
You don't have enough magic to cast that spell.
You climb upwards.
There is a stone staircase leading down here.
It was a potion of degeneration.
There was something very wrong with that liquid.
You feel weakened.
You feel dopey.
You feel clumsy.
Terence hits you with a hand axe of flaming!
* * * LOW HITPOINT WARNING * * *
Terence burns you.
* * * LOW HITPOINT WARNING * * *
It was a potion of lignification.
You feel woody for a moment. Terence barely misses you.
You scratch Terence but do no damage.
Terence is heavily wounded.
Terence closely misses you.
You scratch Terence but do no damage.
Terence is heavily wounded.
Terence hits you with a hand axe of flaming!
You die...

#.......##.......#
######.#####.##.#####.#
#.........##.##...#...####
##.####.##.....###.#.###..# ...#
#.#####......#......# ####
#.#####.###########.#####
#..........##...........#
#...#####..#....)....##.### ####
#...# #>@#......#..##.... ...#
#...# ##.@..........###### ##.#
#...# #...........#.###### ##.##
#...# #.###.##.##........#
....###...####.##...#...........#
................#...####........#
................#...# #........#
#.......))......##.## ##.......#
###.###...########.#### #.......#


You could see Terence.

Vanquished Creatures
  2 dart slugs (D:1)
  A leopard gecko (D:1)
  A ball python (D:1)
  5 bats (D:1)
  2 giant cockroaches (D:1)
  6 goblins (D:1)
  7 hobgoblins (D:1)
  2 frilled lizards (D:1)
  3 kobolds (D:1)
  3 rats
32 creatures vanquished.

Notes
Turn   | Place    | Note
-------+----------+-------------------------------------------
     0 | D:1      | FreshCat the Ghoul Necromancer began the quest for the Orb.
     0 | D:1      | Reached XP level 1. HP: 14/14 MP: 2/2
    75 | D:1      | Reached skill level 1 in Unarmed Combat
   124 | D:1      | Reached XP level 2. HP: 20/20 MP: 3/3
   202 | D:2      | Noticed Terence
   225 | D:1      | Learned a level 1 spell: Animate Skeleton
   322 | D:1      | Reached XP level 3. HP: 22/26 MP: 1/5
   549 | D:1      | Learned a level 3 spell: Vampiric Draining
   888 | D:1      | Slain by Terence

Skill      XL: |  1  2  3 |
---------------+----------+-----
Unarmed Combat | 1 |  1.6
Spellcasting   | 2 |  2.0
Dodging        | 2 |  2.0
Fighting       | |  0.2
Stealth        | |  2.5
Necromancy     | |  4.3

Action                   || total
-------------------------++-------
Melee: Unarmed           ||    60
       Whip              ||     5
 Cast: Pain              ||    36
       Vampiric Draining ||     1
  Use: Potion            ||     2
  Eat: Chunk             ||    17
Armor: Robe              ||    19
Dodge: Dodged            ||    58
